 Dungeon Crawl Stone Soup version 0.25-a0-263-g9d16a9d099 (webtiles) character file.

Game seed: 8238734494866578441, levelgen mode: deterministic

101 Essalna the Skirmisher (level 4, 0/37 HPs)
             Began as a Demonspawn Berserker on Dec 7, 2019.
             Was a Believer of Trog.
             Slain by a gnoll
             ... wielding a +0 spear
              (5 damage)
             ... on level 2 of the Dungeon.
             The game lasted 00:04:36 (1895 turns).

Essalna the Skirmisher (Demonspawn Berserker)       Turns: 1895, Time: 00:04:37

Health: 0/37       AC:  2    Str: 21    XL:     4   Next: 48%
Magic:  4/4        EV: 12    Int:  8    God:    Trog [**....]
Gold:   90         SH:  0    Dex: 12    Spells: 3/3 levels left

rFire    . . .     SeeInvis .   a - +0 falchion
rCold    . . .     Gourm    .   (no shield)
rNeg     . . .     Faith    .   b - +0 animal skin
rPois    .         Spirit   .   (helmet restricted)
rElec    .         Reflect  .   (no cloak)
rCorr    .         Harm     .   (no gloves)
MR       .....                  (no boots)
Stlth    +.........             (no amulet)
HPRegen  0.12/turn              (no ring)
MPRegen  0.09/turn              (no ring)

@: no status effects
A: horns 1, talons 1, powered by pain 1, strong 1, rot immunity
a: Berserk, Trog's Hand, Renounce Religion


You were on level 2 of the Dungeon.
You worshipped Trog.
Trog was pleased with you.
You were not hungry.

You visited 1 branch of the dungeon, and saw 2 of its levels.

You collected 90 gold pieces.

Inventory:

Hand Weapons
 a - a +0 falchion (weapon)
Armour
 b - a +0 animal skin (worn)
Jewellery
 g - an uncursed amulet of magic regeneration
Scrolls
 d - 2 scrolls of identify
 e - a scroll of blinking {unknown}
 h - a scroll of enchant weapon {unknown}
 i - a scroll of teleportation {unknown}
 j - a scroll of random uselessness {unknown}
Comestibles
 c - 4 rations
 f - 6 chunks of flesh


   Skills:
 + Level 3.9 Fighting
 + Level 3.5 Long Blades
 + Level 2.9 Armour
 - Level 1.7 Dodging


You had 3 spell levels left.
You didn't know any spells.
Your spell library was empty.

Dungeon Overview and Level Annotations

Branches:
Dungeon (2/15)

Altars:
Nemelex Xobeh


Innate Abilities, Weirdness & Mutations

You sometimes gain a little power by taking damage.
You are immune to rotting.
You have a pair of small horns on your head.
You have sharp toenails.
Your muscles are strong. (Str +2)


Message History

Key pressed, stopping explore. 2 gnolls come into view.
The gnoll shouts! x2; You hear a shout!
A gnoll comes into view.
The gnoll moves out of view.
The gnoll closely misses you. The gnoll hits you with a +0 spear!
You hit the gnoll but do no damage. You claw the gnoll.
You headbutt the gnoll, but do no damage.
The gnoll is moderately wounded.
The gnoll barely misses you.
You riposte.
You barely miss the gnoll. You claw the gnoll.
The gnoll is moderately wounded.
The gnoll hits you with a +0 spear! The gnoll hits you with a +0 spear!
* * * LOW HITPOINT WARNING * * *
The gnoll hits you with a +0 spear.
* * * LOW HITPOINT WARNING * * *
The gnoll hits you from afar with a +0 spear.
You die...

####........## #.#
#..(......# #.#
#†#######.# ### #.#
##.# #.#####(######.###
##..#
#.................
#...#
#g.##.....#.#####.
#...# #gg........(# #.
#...# #..##.....#.# #.
#...#######@.###...##.#
#. #.#..........#
##.###.#####.
#.#.###.##.#.# #(#
#....... #.#..........#
##.#######..#
#.####..###..#
#...........# #.# #.##
#..# #..########.#
#.####.####..###..#
##.#
#.#...............#
#..#
#............###.##
#.##


You could see 3 gnolls.

Vanquished Creatures
  A worker ant (D:2)
  3 adders (D:2)
  2 dart slugs (D:1)
  A leopard gecko (D:1)
  10 bats
  2 giant cockroaches (D:2)
  A goblin (D:2)
  6 hobgoblins
  3 jackals (D:1)
  6 frilled lizards
  6 kobolds
  6 rats
47 creatures vanquished.

Notes
Turn   | Place    | Note
-------+----------+-------------------------------------------
     0 | D:1      | Essalna the Demonspawn Berserker began the quest for the
                  | Orb.
     0 | D:1      | Reached XP level 1. HP: 18/18 MP: 1/1
   225 | D:1      | Gained mutation: You are immune to rotting. [demonic
                  | ancestry]
   225 | D:1      | Reached XP level 2. HP: 19/24 MP: 2/2
   744 | D:1      | Gained mutation: You sometimes gain a little power by
                  | taking damage. [demonic ancestry]
   744 | D:1      | Reached XP level 3. HP: 29/29 MP: 3/3
   863 | D:1      | Found a sparkling altar of Nemelex Xobeh.
  1181 | D:2      | Gained mutation: You have sharp toenails. [potion of
                  | mutation]
  1181 | D:2      | Gained mutation: You have a pair of small horns on your
                  | head. [potion of mutation]
  1181 | D:2      | Gained mutation: Your muscles are strong. (Str +2) [potion
                  | of mutation]
  1630 | D:2      | Reached ** piety under Trog
  1630 | D:2      | Reached XP level 4. HP: 28/37 MP: 4/4
  1895 | D:2      | Slain by a gnoll

Levels and vault maps discovered:
D:1:      lemuel_arrival_rhombus, layout_basic, minivault_4, minivault_19,
          nrook_uturn, minmay_misc_feat_columns, nemelex_diamond_rough_becter
D:2:      layout_loops_ring, minmay_heptomino_h4

Skill      XL: |  1  2 |
---------------+-------+-----
Armour         | 2 |  2.9
Long Blades    | 3 |  3.5
Fighting       | |  3.9
Dodging        | |  1.7

Action                   |  1- 3 |  4- 6 || total
-------------------------+-------+-------++-------
Melee: Falchion          |   120 |    13 ||   133
       Kick              |     6 |     7 ||    13
       Headbutt          |     2 |     5 ||     7
  Use: Scroll            |     1 |       ||     1
       Potion            |     3 |       ||     3
 Stab: Sleeping          |     2 |       ||     2
  Eat: Chunk             |     2 |     1 ||     3
Armor: Animal skin       |    31 |       ||    31
Dodge: Dodged            |    83 |    11 ||    94
       Rpst.: Falchion   |    24 |     7 ||    31

Table legend:
 A = Non-vault XP
 B = Vault XP
 C = Vault XP percentage of total XP
 D = Non-vault monster count
 E = Vault monster count
 F = Vault count percentage of total count
                 A         B        C        D         E       F
            +---------+---------+-------+---------+---------+-------
      Total |     143 |       2 |   1.4 |      46 |       1 |   2.1
            +---------+---------+-------+---------+---------+-------
        D:1 |      50 |       0 |   0.0 |      29 |       0 |   0.0
        D:2 |      93 |       2 |   2.1 |      17 |       1 |   5.6
            +---------+---------+-------+---------+---------+-------
